 Dungeon Crawl Stone Soup version 0.24.0-1-gfbc8707122 (webtiles) character file.

Game seed: 13287957575484002485, levelgen mode: deterministic

98 Chiseanne the Digger (level 4, -5/30 HPs)
             Began as a Barachi Earth Elementalist on Oct 27, 2019.
             Slain by a river rat (8 damage)
             ... in a sewer.
             The game lasted 00:07:29 (2390 turns).

Chiseanne the Digger (Barachi Earth Elementalist)   Turns: 2390, Time: 00:07:29

Health: -5/30      AC:  2    Str: 14    XL:     4   Next: 71%
Magic:  9/9        EV: 12    Int: 16    God:
Gold:   41         SH:  0    Dex: 13    Spells: 7/10 levels left

rFire    . . .     SeeInvis .   i - +0 short sword
rCold    . . .     Gourm    .   (no shield)
rNeg     . . .     Faith    .   c - +0 robe
rPois    .         Spirit   .   (no helmet)
rElec    .         Reflect  .   (no cloak)
rCorr    .         Harm     .   (no gloves)
MR       .....                  (no boots)
Stlth    ++........             (no amulet)
HPRegen  0.10/turn              (no ring)
MPRegen  0.11/turn              (no ring)

@: mighty, slow
A: +LOS, swims, slowness 1, strong legs 1
a: Hop


You were in a sewer.
You were not hungry.

You visited 1 branch of the dungeon, and saw 3 of its levels.
You also visited: Sewer.

You collected 41 gold pieces.

Inventory:

Hand Weapons
 f - a +0 club
 i - a +0 short sword (weapon)
Armour
 c - a +0 robe (worn)
Scrolls
 a - a scroll of remove curse
Potions
 g - a potion of degeneration {unknown}
 h - a potion of brilliance {unknown}
 j - a potion of flight {unknown}
 k - a potion of magic {unknown}
 l - 4 potions of heal wounds {unknown}
Comestibles
 d - 2 rations
 m - a chunk of flesh


   Skills:
 - Level 2.1 Dodging
 - Level 1.7 Stealth
 * Level 3.7 Spellcasting
 - Level 1.1 Transmutations
 * Level 4.2 Earth Magic


You had 7 spell levels left.
You knew the following spells:

 Your Spells              Type           Power        Failure   Level  Hunger
a - Sandblast             Erth           ###...       3%          1    None
b - Passwall              Tmut/Erth      ##......     9%          2    ##.....

Your spell library contained the following spells:

 Spells                   Type           Power        Failure   Level  Hunger
 Stone Arrow              Conj/Erth      #.....       22%         3    ###....
 Petrify                  Tmut/Erth      ##......     50%         4    ####...
 Lee's Rapid Deconstruct  Erth           ###.......   63%         5    ######.


Dungeon Overview and Level Annotations

Branches:
Dungeon (3/15)              Sewer (1/1)

Altars:


Innate Abilities, Weirdness & Mutations

Shadows flee at your approach. (+LOS)
You can swim through water.
You cover ground slowly.
You can hop short distances.


Message History

The river rat barely misses you.
The rat splashes around in the water.
You closely miss the river rat.
The river rat is almost dead.
The river rat bites you but does no damage.
You closely miss the river rat.
The river rat is almost dead.
The river rat closely misses you. The river rat misses you.
You barely miss the river rat.
The river rat is almost dead.
The river rat misses you.
You closely miss the river rat.
The river rat is almost dead.
The river rat closely misses you.
You hit the river rat but do no damage.
The river rat is almost dead.
The river rat bites you but does no damage.
You hit the river rat but do no damage.
The river rat is almost dead.
The river rat bites you!
You die...

##..##...######...########
.##.......#####........##..#
..............##...........#...
...........................)...
...........................#...
......................≈≈≈≈≈≈#..#
≈...........≈rr≈≈≈≈≈≈≈)≈≈≈≈≈####
≈≈≈≈.......≈≈≈≈≈≈≈≈≈≈≈≈≈≈≈≈≈≈≈≈≈
≈≈≈≈≈≈≈≈≈≈≈≈≈≈r@≈≈≈≈≈≈≈≈≈≈≈≈≈≈≈≈
≈≈≈≈≈≈≈≈≈≈≈≈†≈≈≈≈≈≈≈≈≈≈≈≈≈≈≈≈≈≈
.........≈≈r≈≈≈≈≈≈≈≈≈≈≈†≈≈≈≈
..............##≈≈≈≈≈÷≈≈≈≈≈≈
..............####..≈≈≈≈≈≈≈
r.......##.....##)...≈≈####
.......# #.............#..#
....... ##(...........#...
####.. ....####......'...


You could see a river rat and 3 rats.

Vanquished Creatures
  A gnoll (D:3)
  3 river rats
  2 worms (D:3)
  2 dart slugs
  7 ball pythons
  4 bats
  2 giant cockroaches
  4 goblins
  3 hobgoblins
  2 frilled lizards
  12 kobolds
  15 rats
57 creatures vanquished.

Notes
Turn   | Place    | Note
-------+----------+-------------------------------------------
     0 | D:1      | Chiseanne the Barachi Earth Elementalist began the quest
                  | for the Orb.
     0 | D:1      | Reached XP level 1. HP: 13/13 MP: 3/3
   483 | D:1      | Reached XP level 2. HP: 19/19 MP: 1/5
   530 | D:1      | Learned a level 2 spell: Passwall
  1125 | D:2      | Reached XP level 3. HP: 24/24 MP: 1/7
  1355 | D:3      | Found a glowing drain.
  1555 | Sewer    | Entered a sewer
  1597 | Sewer    | Reached XP level 4. HP: 30/30 MP: 6/9
  1631 | Sewer    | Reached skill level 4 in Earth Magic
  2390 | Sewer    | Slain by a river rat

Levels and vault maps discovered:
D:1:      nzn_arrival_crosshair, layout_basic
D:2:      layout_rooms, tso_altar, first_ration, uniq_robin
D:3:      layout_loops_ring, dancing_weapons_uskayaw,
          gammafunk_ghost_necromancy, serial_glass, glass_columns_a,
          glass_columns_a, portal_sewer_entry_b
Sewer:    sewer_minmay_treatment

Skill      XL: |  1  2  3  4 |
---------------+-------------+-----
Spellcasting   | 3 |  3.7
Earth Magic    | 4 |  4.2
Dodging        | |  2.1
Stealth        | |  1.7
Transmutations | |  1.1

Action                   |  1- 3 |  4- 6 || total
-------------------------+-------+-------++-------
Melee: Whip              |     6 |       ||     6
       Short sword       |    36 |    73 ||   109
Throw: Stone             |     3 |     5 ||     8
 Cast: Sandblast         |    52 |    13 ||    65
  Use: Scroll            |     1 |     1 ||     2
       Potion            |       |     3 ||     3
 Stab: Sleeping          |     1 |       ||     1
  Eat: Chunk             |     3 |     2 ||     5
Armor: Robe              |    17 |    16 ||    33
Dodge: Dodged            |    59 |    71 ||   130
